General information
			
			
        
        - name: BNet
 
        - type: Ladder team game (AT/RT)
 
        - host: Battle.net
 
        - saver: TIMG4STRok
 
        
map: RiverOfSouls 
        - players: 6
 
        - length: 18:16
 
        - speed: Fast
 - version: 1.22 W3XP
 - replay type:  

 
» download(161 KB)
Players
        team 1 (winner) 
              
              
1st_Panzer_Div. (
pink | 109 APM | 1985 actions | 18:15)
              
 4 Dreadlord 
 2 Sleep
 2 Vampiric Aura
 3 Crypt Lord 
 2 Impale
 1 Spiked Carapace
 
                » actions 
                
                | Assign group hotkey | 203 |  | 
| Basic commands | 258 |  | 
| Build / train | 53 |  | 
| ESC pressed | 2 |  | 
| Enter build submenu | 18 |  | 
| Enter hero's abilities submenu | 7 |  | 
| Give item / drop item | 4 |  | 
| Right click | 423 |  | 
| Select / deselect | 284 |  | 
| Select group hotkey | 637 |  | 
| Use ability | 96 |  | 
                1985 total
 » units 
                
                | Acolyte | 2 |  | 
| Ghoul | 20 |  | 
| Necromancer | 7 |  | 
| Obsidian Statue | 1 |  | 
                30 total
 » upgrades
                
                | Cannibalize | 1 |  | 
| Necromancer Training | 1 |  | 
| Skeletal Longevity | 1 |  | 
| Unholy Strength | 1 |  | 
| Unholy Armor | 1 |  | 
                5 total
 » buildings
                
                | Crypt | 2 |  | 
| Ziggurat | 6 |  | 
| Altar of Darkness | 1 |  | 
| Tomb of Relics | 1 |  | 
| Nerubian Tower | 1 |  | 
| Halls of the Dead | 1 |  | 
| Graveyard | 1 |  | 
| Temple of the Damned | 1 |  | 
| Slaughterhouse | 1 |  | 
| Black Citadel | 1 |  | 
                16 total
 » build order
                00:07 Crypt
00:14 Crypt
00:28 Ziggurat
01:06 Altar of Darkness
01:41 Ziggurat
01:56 Tomb of Relics
03:22 Nerubian Tower
04:27 Halls of the Dead
05:01 Ziggurat
05:36 Graveyard
05:38 Ziggurat
07:40 Temple of the Damned
12:37 Slaughterhouse
14:17 Ziggurat
14:19 Ziggurat
15:59 Black Citadel
» items
                
                | Rod of Necromancy | 1 |  | 
| Scroll of Town Portal | 2 |  | 
| Potion of Healing | 1 |  | 
| Orb of Lightning | 1 |  | 
| Potion of Mana | 1 |  | 
                6 total
  
               
              
              
NADMaN (
yellow | 161 APM | 2936 actions | 18:15)
              
 3 Archmage 
 1 Summon Water Elemental
 2 Brilliance Aura
 3 Mountain King 
 2 Storm Bolt
 1 Bash
 
                » actions 
                
                | Assign group hotkey | 14 |  | 
| Basic commands | 144 |  | 
| Build / train | 73 |  | 
| ESC pressed | 5 |  | 
| Enter build submenu | 31 |  | 
| Enter hero's abilities submenu | 6 |  | 
| Give item / drop item | 2 |  | 
| Remove unit from queue | 1 |  | 
| Right click | 1286 |  | 
| Select / deselect | 344 |  | 
| Select group hotkey | 932 |  | 
| Use ability | 98 |  | 
                2936 total
 » units 
                
                | Peasant | 16 |  | 
| Footman | 7 |  | 
| Rifleman | 4 |  | 
| Flying Machine | 5 |  | 
| Knight | 1 |  | 
                33 total
 » upgrades
                
                | Masonry | 1 |  | 
| Defend | 0 |  | 
| Long Rifles | 2 |  | 
| Gunpowder | 2 |  | 
| Lumber Harvesting | 1 |  | 
                6 total
 » buildings
                
                | Altar of Kings | 1 |  | 
| Farm | 8 |  | 
| Barracks | 2 |  | 
| Lumber Mill | 1 |  | 
| Scout Tower | 9 |  | 
| Guard Tower | 14 |  | 
| Keep | 2 |  | 
| Blacksmith | 1 |  | 
| Arcane Vault | 2 |  | 
| Town Hall | 2 |  | 
| Castle | 2 |  | 
| Workshop | 3 |  | 
                47 total
 » build order
                00:06 Altar of Kings
00:26 Farm
00:35 Barracks
00:43 Farm
01:32 Farm
03:18 Lumber Mill
05:01 Scout Tower
05:02 Scout Tower
05:02 Scout Tower
05:22 Scout Tower
05:37 Guard Tower
05:37 Guard Tower
05:40 Guard Tower
05:40 Guard Tower
05:42 Scout Tower
05:44 Scout Tower
06:08 Guard Tower
06:08 Guard Tower
06:10 Guard Tower
06:11 Guard Tower
06:29 Keep
06:30 Keep
06:31 Blacksmith
06:34 Scout Tower
06:55 Guard Tower
06:55 Guard Tower
06:55 Guard Tower
07:04 Barracks
07:21 Scout Tower
07:21 Scout Tower
07:29 Farm
07:52 Guard Tower
07:52 Guard Tower
08:41 Arcane Vault
09:00 Farm
10:19 Farm
12:20 Town Hall
12:40 Castle
12:40 Castle
13:31 Workshop
13:32 Workshop
13:38 Workshop
13:45 Farm
13:59 Arcane Vault
14:31 Farm
16:00 Town Hall
» items
                
                | Scroll of Healing | 1 |  | 
| Scroll of Protection | 1 |  | 
| Scroll of Town Portal | 1 |  | 
| Potion of Healing | 1 |  | 
                4 total
  
               
              
              
» 
TIMG4STRok (
blue | 224 APM | 4100 actions | 18:16)
              
 4 Tauren Chieftain 
 2 Shockwave
 2 Endurance Aura
 3 Far Seer 
 1 Feral Spirit
 2 Chain Lighting
 
                » actions 
                
                | Assign group hotkey | 35 |  | 
| Basic commands | 119 |  | 
| Build / train | 49 |  | 
| ESC pressed | 2 |  | 
| Enter build submenu | 12 |  | 
| Enter hero's abilities submenu | 7 |  | 
| Right click | 1769 |  | 
| Select / deselect | 214 |  | 
| Select group hotkey | 1839 |  | 
| Use ability | 54 |  | 
                4100 total
 » units 
                
                | Peon | 6 |  | 
| Grunt | 12 |  | 
| Wind Rider | 8 |  | 
| Demolisher | 1 |  | 
| Troll Batrider | 1 |  | 
                28 total
 » upgrades
                
                | Berserker Strength | 1 |  | 
| Envenomed Spears | 1 |  | 
| Ranged Weapons | 1 |  | 
| Burning Oil | 1 |  | 
                4 total
 » buildings
                
                | Altar of Storms | 1 |  | 
| Orc Burrow | 6 |  | 
| Barracks | 1 |  | 
| Voodoo Lounge | 1 |  | 
| Stronghold | 1 |  | 
| War Mill | 1 |  | 
| Beastiary | 2 |  | 
| Fortress | 1 |  | 
                14 total
 » build order
                00:05 Altar of Storms
00:14 Orc Burrow
00:37 Barracks
01:31 Orc Burrow
02:14 Voodoo Lounge
04:19 Orc Burrow
06:04 Stronghold
07:05 Orc Burrow
07:44 War Mill
08:48 Beastiary
08:49 Beastiary
09:27 Fortress
10:09 Orc Burrow
11:54 Orc Burrow
» items
                
                | Healing Salve | 3 |  | 
| Scroll of Town Portal | 2 |  | 
| Scroll of Speed | 1 |  | 
                6 total
  
               team 2 (loser) 
              
              
CpTn-ActPak (
red | 43 APM | 777 actions | 18:11)
              
 1 Far Seer 
 1 Feral Spirit
 
                » actions 
                
                | Build / train | 25 |  | 
| Enter build submenu | 13 |  | 
| Enter hero's abilities submenu | 1 |  | 
| Right click | 434 |  | 
| Select / deselect | 267 |  | 
| Use ability | 37 |  | 
                777 total
 » units 
                » buildings
                
                | Altar of Storms | 1 |  | 
| Orc Burrow | 6 |  | 
| Barracks | 1 |  | 
| Voodoo Lounge | 1 |  | 
| Stronghold | 2 |  | 
| War Mill | 1 |  | 
| Watch Tower | 1 |  | 
                13 total
 » build order
                00:08 Altar of Storms
00:21 Orc Burrow
00:37 Barracks
01:35 Orc Burrow
02:02 Voodoo Lounge
03:15 Stronghold
03:16 Stronghold
04:13 War Mill
06:34 Orc Burrow
06:45 Orc Burrow
07:23 Orc Burrow
07:27 Orc Burrow
07:30 Watch Tower
 
               
              
              
I-ChoSeN-I (
teal | 85 APM | 1553 actions | 18:14)
              
 4 Death Knight 
 2 Death Coil
 2 Unholy Aura
 2 Lich 
 2 Frost Nova
 
                » actions 
                
                | Assign group hotkey | 5 |  | 
| Basic commands | 219 |  | 
| Build / train | 68 |  | 
| ESC pressed | 3 |  | 
| Enter build submenu | 23 |  | 
| Enter hero's abilities submenu | 7 |  | 
| Right click | 809 |  | 
| Select / deselect | 278 |  | 
| Select group hotkey | 54 |  | 
| Use ability | 87 |  | 
                1553 total
 » units 
                
                | Acolyte | 2 |  | 
| Ghoul | 2 |  | 
| Crypt Fiend | 23 |  | 
| Frost Wyrm | 4 |  | 
                31 total
 » upgrades
                
                | Creature Attack | 1 |  | 
| Creature Carapace | 1 |  | 
| Web | 1 |  | 
| Burrow | 1 |  | 
                4 total
 » buildings
                
                | Graveyard | 1 |  | 
| Crypt | 1 |  | 
| Ziggurat | 7 |  | 
| Altar of Darkness | 1 |  | 
| Tomb of Relics | 1 |  | 
| Nerubian Tower | 3 |  | 
| Halls of the Dead | 4 |  | 
| Black Citadel | 2 |  | 
| Sacrificial Pit | 1 |  | 
| Boneyard | 2 |  | 
| Slaughterhouse | 1 |  | 
                24 total
 » build order
                00:11 Graveyard
00:16 Crypt
00:25 Ziggurat
00:48 Altar of Darkness
01:20 Tomb of Relics
01:54 Ziggurat
01:59 Nerubian Tower
01:59 Nerubian Tower
01:59 Nerubian Tower
03:58 Halls of the Dead
03:59 Halls of the Dead
04:32 Ziggurat
07:24 Black Citadel
07:24 Black Citadel
07:26 Sacrificial Pit
07:35 Ziggurat
09:46 Ziggurat
09:48 Boneyard
09:55 Boneyard
10:06 Ziggurat
10:11 Ziggurat
16:30 Slaughterhouse
» items
                
                | Rod of Necromancy | 1 |  | 
| Scroll of Town Portal | 7 |  | 
| Potion of Healing | 1 |  | 
| Potion of Lesser Invulnerability | 1 |  | 
| Scroll of Protection | 1 |  | 
                11 total
  
               
              
              
n[A]s (
orange | 71 APM | 1279 actions | 18:07)
              
 4 Keeper of the Grove 
 2 Entangling Roots
 2 Thorns Aura
 
                » actions 
                
                | Assign group hotkey | 42 |  | 
| Basic commands | 38 |  | 
| Build / train | 41 |  | 
| ESC pressed | 1 |  | 
| Enter build submenu | 16 |  | 
| Enter hero's abilities submenu | 4 |  | 
| Right click | 558 |  | 
| Select / deselect | 281 |  | 
| Select group hotkey | 242 |  | 
| Use ability | 56 |  | 
                1279 total
 » units 
                
                | Wisp | 15 |  | 
| Huntress | 8 |  | 
| Glaive Thrower | 1 |  | 
| Mountain Giant | 4 |  | 
| Dryad | 2 |  | 
                30 total
 » upgrades
                
                | Reinforced Hides | 1 |  | 
| Abolish Magic | 1 |  | 
                2 total
 » buildings
                
                | Altar of Elders | 1 |  | 
| Moon Well | 6 |  | 
| Hunter's Hall | 1 |  | 
| Ancient of War | 2 |  | 
| Tree of Ages | 1 |  | 
| Tree of Life | 1 |  | 
| Ancient of Lore | 2 |  | 
| Ancient of Wonders | 1 |  | 
                15 total
 » build order
                00:05 Altar of Elders
00:16 Moon Well
01:48 Hunter's Hall
01:52 Ancient of War
02:21 Ancient of War
02:25 Moon Well
04:16 Moon Well
05:13 Moon Well
07:47 Tree of Ages
07:55 Tree of Life
10:12 Ancient of Lore
10:13 Ancient of Lore
10:16 Ancient of Wonders
10:20 Moon Well
11:10 Moon Well
» items
                
                | Staff of Preservation | 1 |  | 
| Scroll of Town Portal | 2 |  | 
                3 total
  
                Chat log
          (00:33 / Allies) 1st_Panzer_Div.: plan is a mass rush?
(01:10 / Allies) 1st_Panzer_Div.: yea
(01:13 / Allies) 1st_Panzer_Div.: I got dual rax even
(02:37 / Allies) 1st_Panzer_Div.: but 3's is for trying new shit out
(04:04 / All) n[A]s: lucky ...
(04:07 / All) 1st_Panzer_Div.: yes
(04:19 / All) n[A]s: yes
(04:22 / All) n[A]s: my wisp didnt dispell
(04:24 / All) n[A]s: for some reason
(04:31 / All) TIMG4STRok: you need to click detonate
(04:32 / All) TIMG4STRok: noob
(04:36 / All) n[A]s: noob?
(04:37 / All) n[A]s: learn to deny
(04:39 / All) 1st_Panzer_Div.: sorry
(04:41 / All) TIMG4STRok: i did
(04:41 / All) 1st_Panzer_Div.: I'm a noob
(04:43 / All) TIMG4STRok: and with a grunt
(04:45 / All) TIMG4STRok: wow owned
(04:48 / All) n[A]s: yeah thats why we got the exp
(04:49 / All) n[A]s: nice
(04:56 / All) TIMG4STRok: thanks for the win noobshit
(05:01 / All) n[A]s: sure
(05:02 / All) n[A]s: win it
(05:05 / All) TIMG4STRok: leave
(07:55 / All) TIMG4STRok: time to feed the undead
(07:58 / All) TIMG4STRok: go ahead orange
(14:34 / Allies) 1st_Panzer_Div.: hmm rush cripples my wood :(
(16:16 / Allies) 1st_Panzer_Div.: fuck tps
(16:20 / Allies) 1st_Panzer_Div.: I use cotton balls
(17:38 / All) TIMG4STRok: leave
(17:53 / All) TIMG4STRok: bye
(17:54 / All) TIMG4STRok: thanks
(18:03 / All) 1st_Panzer_Div.: seriously can't win without you guys
(18:04 / All) n[A]s: its funny but u almost lost 3on2
(18:06 / All) n[A]s: thats how bad u are ..
(18:07 / All) 1st_Panzer_Div.: wait
(18:08 / All) NADMaN: almost?
(18:10 / All) 1st_Panzer_Div.: this was a 3v2